AoeStats
← dashuaibi

Nomad

508845014Analyzed
4v4 RM · 8d ago on Sep 24, 2026· 39m 23s· 8 players
Game mode
Random Map
Map size
231×231
Population
200
Speed
Normal
Resources
Standard
Victory
Conquest
Starting age
Dark Age
Ending age
Imperial Age
RankedLock teamsTeams togetherTeam positionsShared explorationLock speedFull tech treeHidden civsTurbo modeCheats
Victory
Defeat
🇹🇼 Japanese · Taiwan
1464
+15
🇻🇳 Britons · Vietnam
1418
+17
🇭🇰 Lithuanians · Hong Kong SAR China
1384
+18
🇨🇳 Spanish · China
1355
+19
🇦🇺 Spanish · Australia
1560
-22
🇦🇺 Varangians · Australia
1554
-21
🇦🇺 Vietnamese · Australia
1513
-20
🇦🇺 Persians · Australia
1110
-6
ggsadpom,sdf
5:46 Loom
14:08 Feudal Age
18:55 Castle Age
18:18 Fletching
18:14 Double-Bit Axe
18:35 Town Watch
19:01 Fishing Lines
19:55 Bodkin Arrow
20:32 Medium Warships
22:15 Bow Saw
27:25 Wheelbarrow
34:28 Imperial Age
32:33 Guard Tower
33:46 Ballistics
33:30 Gold Mining
33:38 Stone Mining
34:06 Yasama
34:39 Capped Ram
35:54 Bracer
36:55 Scale Mail Armor
37:58 Murder Holes
40:07 Keep
40:14 Gold Shaft Mining
dashuaibi
3:27 Loom
16:23 Feudal Age
18:15 Fishing Lines
19:12 Forging
22:50 Castle Age
22:20 Fletching
22:30 Padded Archer Armor
27:06 Leather Archer Armor
35:57 Gillnets
35:59 Horse Collar
36:07 Double-Bit Axe
38:59 Bow Saw
crazy ant
10:02 Loom
14:43 Feudal Age
15:31 Double-Bit Axe
15:29 Fishing Lines
18:18 Castle Age
16:23 Padded Archer Armor
16:16 Gold Mining
17:07 Fletching
19:04 Bodkin Arrow
19:21 Bow Saw
20:23 Town Watch
22:47 Wheelbarrow
28:20 Imperial Age
27:47 Ballistics
29:09 Bracer
33:09 Bloodlines
34:33 Husbandry
37:03 Hand Cart
37:25 Thumb Ring
38:44 Leather Archer Armor
38:53 Gillnets
mryendl2410
4:57 Loom
13:32 Feudal Age
15:20 Fletching
24:34 Castle Age
25:29 Bodkin Arrow
26:40 Crossbowman
27:41 Double-Bit Axe
29:35 Padded Archer Armor
30:12 Horse Collar
31:27 Ballistics
36:06 Leather Archer Armor
36:03 Bow Saw
39:47 Wheelbarrow
39:51 Heavy Plow
Guesty
3:40 Loom
15:54 Feudal Age
16:38 Double-Bit Axe
19:20 Castle Age
21:22 Bow Saw
20:52 Horse Collar
21:45 Stone Mining
21:58 Heavy Plow
22:48 Fletching
27:39 Gold Mining
29:02 Husbandry
29:13 Bloodlines
31:50 Scale Barding Armor
35:47 Imperial Age
34:35 Chain Barding Armor
34:25 Forging
Violent Dolphin
9:45 Loom
35:08 Feudal Age
Ignoramus_the_Ignorant
5:06 Loom
13:47 Feudal Age
15:59 Padded Archer Armor
18:03 Castle Age
16:35 Stone Mining
19:09 Leather Archer Armor
Dissident Aggressor
5:05 Loom
15:12 Feudal Age
19:04 Castle Age
17:45 Fishing Lines
18:10 Double-Bit Axe
19:17 Wheelbarrow
20:21 Bow Saw
34:08 Horse Collar
Connection lost

Rejoining the realm…

Still unreachable

The connection could not be restored.

Session expired

The server has moved on; the page needs a fresh start.